 Dungeon Crawl Stone Soup version 0.24-a0-445-gd5110b030a (webtiles) character file.

Game seed: 10846494046074608042

1337 mhoghedin the Covert (level 8, -5/54 HPs)
             Began as an Octopode Assassin on June 22, 2019.
             Was an Initiate of Gozag.
             Slain by a sky beast (6 damage)
             ... on level 5 of the Dungeon.
             The game lasted 00:10:39 (4861 turns).

mhoghedin the Covert (Octopode Assassin)            Turns: 4861, Time: 00:10:40

Health: -5/54      AC:  1    Str: 11    XL:     8   Next: 61%
Magic:  8/8        EV: 15    Int: 14    God:    Gozag
Gold:   959        SH:  4    Dex: 14    Spells: 7/7 levels left

rFire    . . .     SeeInvis .   m - +2 dagger (venom)
rCold    . . .     Gourm    .   (no shield)
rNeg     . . .     Faith    .   (helmet restricted)
rPois    .         Spirit   .   k - +4 amulet of reflection
rElec    .         Reflect  +   (no ring)
rCorr    .         Harm     .   (no ring)
MR       .....                  (no ring)
Stlth    +++++.....             (no ring)
HPRegen  0.18/turn              (no ring)
MPRegen  0.11/turn              (no ring)
                                (no ring)
                                (no ring)

@: gold aura
A: almost no armour, stealthy swim, amphibious, 8 rings, constrict 8, camouflage
1, gelatinous body 1
a: Potion Petition, Call Merchant, Bribe Branch, Renounce Religion


You were on level 5 of the Dungeon.
You worshipped Gozag.
Gozag was pleased with you.
You were very hungry.

You visited 1 branch of the dungeon, and saw 5 of its levels.

You collected 979 gold pieces.
You paid 20 gold pieces to Gozag.

Inventory:

Hand Weapons
 a - a +3 dagger
 l - a +2 dagger of protection
   (You took it off a kobold on level 3 of the Dungeon)
 m - a +2 dagger of venom (weapon)
   (You took it off a goblin on level 3 of the Dungeon)
Missiles
 b - 33 poisoned darts
 c - 4 curare-tipped darts (quivered)
 n - 7 silver javelins
Jewellery
 k - a +4 amulet of reflection (around mantle)
   (You found it on level 3 of the Dungeon)
Wands
 j - a wand of flame (29)
   (You found it on level 3 of the Dungeon)
Scrolls
 f - a scroll of remove curse
 g - 5 scrolls of amnesia
 o - a scroll of identify
 p - 3 scrolls of enchant weapon
 q - a scroll of teleportation
Potions
 e - a potion of heal wounds {unknown}
 h - a potion of mutation {unknown}
 i - a potion of curing
Comestibles
 d - 4 rations


   Skills:
 + Level 4.5 Fighting
 + Level 4.4 Short Blades
 + Level 4.5 Throwing
 + Level 4.1 Dodging
 + Level 10.0 Stealth


You had 7 spell levels left.
You didn't know any spells.
Your spell library was empty.

Dungeon Overview and Level Annotations

Branches:
Dungeon (5/15)
 Temple: D:4-7

Altars:
Gozag
Uskayaw
Yredelemnul

Shops:
D:4 =


Innate Abilities, Weirdness & Mutations

You cannot wear most types of armour.
You are very stealthy in the water. (Stealth+)
You are amphibious.
You can wear up to eight rings at the same time.
You can use your tentacles to constrict eight enemies at once.
Your skin changes colour to match your surroundings (Stealth+).
Your rubbery body absorbs attacks. (AC +1, EV +1)


Message History

You squeeze the jackal, but do no damage.
You constrict the jackal.
The jackal becomes distracted by the nearby gold, dreaming of imaginary riches.
You hit the jackal.
You kill the jackal!
The jackal becomes distracted by the nearby gold, dreaming of imaginary riches.
You see here 5 gold pieces.
You catch the helpless jackal completely off-guard!
You impale the jackal!!
You kill the jackal!
No target in view!
No target in view!
No target in view!
You start resting.
You now have 937 gold pieces (gained 5).
You now have 953 gold pieces (gained 16).
You now have 959 gold pieces (gained 6).
You are feeling very hungry.
q - a scroll of teleportation Health restored: 54 A sky beast comes into view.
A worker ant comes into view. x2
The sky beast flickers out of sight!
Deactivating autopickup; reactivate with Ctrl-A.
You hit the worker ant but do no damage.
You grab the worker ant.
You constrict the worker ant, but do no damage.
The worker ant barely misses you.
You hit the worker ant. You squeeze the worker ant.
You constrict the worker ant. You block the worker ant's attack.
You hit the worker ant but do no damage.
The worker ant is poisoned.
You constrict the worker ant. The worker ant bites you.
You are poisoned.
The worker ant poisons you!
You take 5 damage, and have 49/54 hp.
You hit the worker ant but do no damage.
You squeeze the worker ant.
You kill the worker ant!
You feel sick.
You take 1 damage, and have 48/54 hp.
You closely miss something. Your squeeze misses something. Something hits you.
Something shocks you.
You take 8 damage, and have 40/54 hp.
You hit something. Your squeeze misses something.
You feel sick.
You take 1 damage, and have 39/54 hp.
You miss something.
The worker ant twitches its antennae in your direction.
Something hits you. Something shocks you.
You take 8 damage, and have 31/54 hp.
You are too injured to fight recklessly!
You are too injured to fight recklessly!
You hit something. Something barely misses you.
You closely miss something.
You feel sick. Something hits you. Something shocks you.
You take 10 damage, and have 21/54 hp.
You miss something. You closely miss something. Something hits you.
Something shocks you.
* * * LOW HITPOINT WARNING * * *
You take 11 damage, and have 11/54 hp.
MASSIVE DAMAGE!!
Unknown command.
Throwing (i - inventory. (/) - cycle)
c - 6 curare-tipped darts (quivered)
Aim: a worker ant You throw a curare-tipped dart.
The curare-tipped dart hits the worker ant.
The worker ant is poisoned.
The worker ant convulses.
The worker ant seems to slow down.
A sky beast appears from thin air!
Reactivating autopickup.
The sky beast hits you.
* * * LOW HITPOINT WARNING * * *
The sky beast shocks you.
* * * LOW HITPOINT WARNING * * *
You take 8 damage, and have 3/54 hp.
Unknown command.
You feel better.
The sky beast flickers out of sight!
Deactivating autopickup; reactivate with Ctrl-A.
Something hits you.
* * * LOW HITPOINT WARNING * * *
Something shocks you.
* * * LOW HITPOINT WARNING * * *
The rain has left you waist-deep in water!
Floosh!
You take 1 damage, and have 2/54 hp.
You kill the worker ant!
A sky beast appears from thin air!
Reactivating autopickup.
The sky beast flickers out of sight!
Deactivating autopickup; reactivate with Ctrl-A.
A sky beast appears from thin air!
Reactivating autopickup.
Throwing (i - inventory. (/) - cycle)
c - 5 curare-tipped darts (quivered)
Aim: a sky beast (severely wounded, poisoned)
You throw a curare-tipped dart.
The curare-tipped dart barely misses the sky beast.
The sky beast hits you.
* * * LOW HITPOINT WARNING * * *
The sky beast shocks you.
You die...
Your body crumbles into a pile of gold.

#.# .##
#.# #
#.# #.#
#.# #.#
#.# #Y#
#@# #.#
#.# #.#
#.# #.#
#.# #.#
#.#####


You could see a sky beast.

Vanquished Creatures
  Grinder (D:3)
  Edmund (D:4)
  Sigmund (D:4)
  An ogre (D:4)
  2 big kobolds (D:4)
  Blork the orc (D:4)
  A crimson imp (D:5)
  Crazy Yiuf (D:3)
  A hound (D:4)
  An iguana (D:4)
  5 worker ants
  7 gnolls (D:4)
  8 adders
  An adder zombie (D:5)
  2 adder skeletons (D:4)
  3 worms
  6 leopard geckos
  9 orcs
  6 giant cockroaches
  31 goblins
  26 hobgoblins
  2 jackals (D:5)
  3 quokkas
  9 bats
  11 frilled lizards
  A jackal zombie (D:4)
  8 kobolds
  A leopard gecko skeleton (D:4)
  4 rats
154 creatures vanquished.

Vanquished Creatures (others)
  A human (D:4)
1 creature vanquished.

Grand Total: 155 creatures vanquished

Notes
Turn   | Place    | Note
-------+----------+-------------------------------------------
     0 | D:1      | mhoghedin the Octopode Assassin began the quest for the
                  | Orb.
     0 | D:1      | Reached XP level 1. HP: 14/14 MP: 1/1
   122 | D:1      | Reached XP level 2. HP: 19/19 MP: 2/2
   199 | D:1      | Reached skill level 6 in Stealth
   640 | D:2      | HP: 3/19 [adder (4)]
   653 | D:2      | Reached XP level 3. HP: 11/24 MP: 3/3
   856 | D:2      | Reached skill level 7 in Stealth
   941 | D:2      | Reached XP level 4. HP: 25/29 MP: 4/4
  1136 | D:2      | Found an opulent altar of Gozag.
  1153 | D:2      | Became a worshipper of Gozag Ym Sagoz the Greedy
  1377 | D:3      | Found a runed translucent door.
  1378 | D:3      | Noticed Crazy Yiuf
  1508 | D:3      | Reached skill level 8 in Stealth
  1567 | D:3      | Noticed Grinder
  1597 | D:3      | Paralysed by Grinder for 7 turns
  1614 | D:3      | Killed Grinder
  1614 | D:3      | Reached skill level 2 in Dodging
  1614 | D:3      | Reached XP level 5. HP: 21/35 MP: 5/5
  1614 | D:3      | Reached XP level 6. HP: 25/41 MP: 6/6
  2043 | D:3      | Killed Crazy Yiuf
  2289 | D:4      | Noticed Blork the orc
  2291 | D:4      | Killed Blork the orc
  2291 | D:4      | Reached skill level 3 in Fighting
  2291 | D:4      | Reached skill level 3 in Short Blades
  2291 | D:4      | Reached skill level 3 in Throwing
  2301 | D:4      | Found Jitan's Jewellery Emporium.
  2333 | D:4      | Found a hide-covered altar of Uskayaw.
  2428 | D:4      | Found a runed translucent door.
  2430 | D:4      | Noticed a human
  2432 | D:4      | Found a basalt altar of Yredelemnul.
  2444 | D:4      | Reached XP level 7. HP: 41/46 MP: 7/7
  2503 | D:4      | Noticed Edmund
  2513 | D:4      | HP: 8/46 [ogre/+0 giant spiked club (28)]
  2525 | D:4      | Killed a human
  2538 | D:4      | Reached skill level 9 in Stealth
  2546 | D:4      | Killed Edmund
  2546 | D:4      | Reached skill level 3 in Dodging
  2800 | D:4      | Noticed Sigmund
  2851 | D:4      | Killed Sigmund
  2851 | D:4      | Reached XP level 8. HP: 26/54 MP: 8/8
  3613 | D:4      | Reached skill level 4 in Fighting
  3619 | D:4      | Reached skill level 4 in Short Blades
  3619 | D:4      | Reached skill level 4 in Throwing
  4571 | D:5      | Entered Level 5 of the Dungeon
  4587 | D:5      | Reached skill level 4 in Dodging
  4596 | D:5      | Reached skill level 10 in Stealth
  4847 | D:5      | HP: 11/54 [something (6)]
  4848 | D:5      | HP: 3/54 [sky beast (5)]
  4861 | D:5      | HP: 1/54 [sky beast (3)]
  4861 | D:5      | Slain by a sky beast

Levels and vault maps discovered:
D:1:      tarquinn_simple_flora_water_b, layout_loops_ring
D:2:      layout_rooms, grunt_gozag_breadcrumbs
D:3:      layout_loops_ring, first_ration, uniq_crazy_yiuf_cottage, uniq_grinder
D:4:      minmay_goblin_kobold_castle, layout_cave_pools, marbit_many_paths,
          serial_shops, shop, dk_yredelemnul_ordeal, uniq_blork_the_orc,
          uniq_sigmund, uniq_edmund
D:5:      layout_loops_ring

Skill      XL: |  1  2  3  4  5  6  7  8 |
---------------+-------------------------+-----
Stealth        | 6 7 8 9 10 | 10.0
Dodging        | 2 3 4 |  4.1
Fighting       | 3 4 |  4.5
Short Blades   | 3 4 |  4.4
Throwing       | 3 4 |  4.5

Action                   |  1- 3 |  4- 6 |  7- 9 || total
-------------------------+-------+-------+-------++-------
Melee: Dagger            |    42 |    75 |   184 ||   301
       Constrict         |     6 |    15 |    49 ||    70
       Tentacles         |     5 |    10 |    30 ||    45
Throw: Dart              |     1 |       |    60 ||    61
Invok: Potion Petition   |       |     1 |       ||     1
  Use: Scroll            |     4 |       |     1 ||     5
       Potion            |     4 |       |     1 ||     5
 Stab: Sleeping          |    17 |    17 |     7 ||    41
       Distracted        |       |       |     3 ||     3
  Eat: Chunk             |       |     1 |       ||     1
       Ration            |       |     1 |     2 ||     3
Armor: Skin              |     5 |     7 |     5 ||    17
Dodge: Dodged            |    29 |    31 |    97 ||   157
Block: Other             |       |     3 |    30 ||    33
       Reflection        |       |       |     2 ||     2

Table legend:
 A = Non-vault XP
 B = Vault XP
 C = Vault XP percentage of total XP
 D = Non-vault monster count
 E = Vault monster count
 F = Vault count percentage of total count
                 A         B        C        D         E       F
            +---------+---------+-------+---------+---------+-------
      Total |     636 |    1275 |  66.7 |      89 |      65 |  42.2
            +---------+---------+-------+---------+---------+-------
        D:1 |      24 |       0 |   0.0 |      15 |       0 |   0.0
        D:2 |      81 |       0 |   0.0 |      24 |       0 |   0.0
        D:3 |      56 |     311 |  84.7 |      18 |       2 |  10.0
        D:4 |     314 |     964 |  75.4 |      16 |      63 |  79.7
        D:5 |     161 |       0 |   0.0 |      16 |       0 |   0.0
            +---------+---------+-------+---------+---------+-------

Levels and vault maps discovered:
D:1:      tarquinn_simple_flora_water_b, layout_loops_ring
D:2:      layout_rooms, grunt_gozag_breadcrumbs
D:3:      layout_loops_ring, first_ration, uniq_crazy_yiuf_cottage, uniq_grinder
D:4:      minmay_goblin_kobold_castle, layout_cave_pools, marbit_many_paths,
          serial_shops, shop, dk_yredelemnul_ordeal, uniq_blork_the_orc,
          uniq_sigmund, uniq_edmund
D:5:      layout_loops_ring

Table legend:
 A = Turns spent in this place as a percentage of turns spent in the entire game.
 B = Non-inter-level travel turns spent in this place as a percentage of non-inter-level travel turns spent in the entire game.
 C = Inter-level travel turns spent in this place as a percentage of turns spent in this place.
 D = Turns resting spent in this place as a percentage of non-inter-level travel turns spent in this place.
 E = Turns spent auto-exploring this place as a percentage of non-inter-level travel turns spent in this place.
 F = Non-inter-level travel turns spent in this place divided by the number of levels of this place that you've seen.
                   A       B       C       D       E      F
               +-------+-------+-------+-------+-------+----------------------
         Total | 100.0 | 100.0 |   3.6 |  25.2 |  50.1 | 936.8
       Dungeon | 100.0 | 100.0 |   3.6 |  25.2 |  50.1 | 936.8
               +-------+-------+-------+-------+-------+----------------------

Table legend:
 A = Kills in this place as a percentage of kills in entire the game.
 B = Kills by you in this place as a percentage of kills by you in the entire game.
 C = Kills by friends in this place as a percentage of kills by friends in the entire game.
 D = Other kills in this place as a percentage of other kills in the entire game.
 E = Experience gained in this place as a percentage of experience gained in the entire game.
 F = Experience gained in this place divided by the number of levels of this place that you have seen.
                   A       B       C       D       E      F
               +-------+-------+-------+-------+-------+----------------------
         Total | 100.0 | 100.0 |   N/A |   N/A | 100.0 | 382.2
       Dungeon | 100.0 | 100.0 |   N/A |   N/A | 100.0 | 382.2
               +-------+-------+-------+-------+-------+----------------------
